 Dungeon Crawl Stone Soup version 0.30-a0-330-g8f2769a82d (webtiles) character file.

Game seed: 5143990216355401906

28 Engwar the Insei (level 3, 0/23 HPs)
             Began as an Octopode Transmuter on Oct 29, 2022.
             Slain by Terence
             ... wielding a +0 trident
              (9 damage)
             ... on level 3 of the Dungeon.
             The game lasted 00:03:04 (1212 turns).

Engwar the Insei (Octopode Transmuter)              Turns: 1212, Time: 00:03:04

Health: 0/23       AC:  1    Str:  9    XL:     3   Next: 12%
Magic:  5/6        EV: 13    Int: 17    God:
Gold:   43         SH:  0    Dex: 12    Spells: 0/6 levels left

rFire   . . .      SeeInvis .      - Unarmed
rCold   . . .      Faith    .    (no shield)
rNeg    . . .      Spirit   .    (helmet currently unavailable)
rPois   .          Reflect  .    (no amulet)
rElec   .          Harm     .    (no ring)
rCorr   .          Rampage  .    (no ring)
Will    .....                    (no ring)
Stlth   +++.......               (no ring)
HPRegen 0.23/turn                (no ring)
MPRegen 0.10/turn                (no ring)
                                 (no ring)
                                 (no ring)

@: appendages
A: tentacle spike 3, almost no armour, amphibious, 8 rings, camouflage 1,
gelatinous body 1, (nimble swimmer 1), tentacles
a: End Transformation


You were on level 3 of the Dungeon.
One of your tentacles had grown a beastly spike.
You visited 1 branch of the dungeon, and saw 3 of its levels.

You collected 153 gold pieces.
You spent 110 gold pieces at shops.

Inventory:

Armour
 m - a +0 kite shield
Scrolls
 d - 2 scrolls of fear
 f - a scroll of summoning {unknown}
 g - a scroll of enchant weapon {unknown}
 i - a scroll of butterflies {unknown}
 j - a scroll of identify
 n - a scroll of enchant armour {unknown}
Potions
 a - a potion of lignification
 b - 2 potions of heal wounds
 c - a potion of flight
 e - 2 potions of berserk rage
 h - a potion of ambrosia {unknown}
 k - a potion of magic {unknown}
 l - a potion of mutation {unknown}
 o - a potion of curing
 p - a potion of attraction
 q - a potion of brilliance {unknown}


   Skills:
 - Level 1.0 Fighting
 - Level 2.0 Dodging
 + Level 2.0 Stealth
 + Level 3.4 Unarmed Combat
 - Level 2.0 Spellcasting
 + Level 2.5 Transmutations


You couldn't memorise any spells.
You knew the following spells:

 Your Spells              Type           Power      Damage    Failure   Level
a - Beastly Appendage     Tmut           20%        N/A       7%          1
b - Wereblood             Tmut           10%        N/A       11%         2
c - Spider Form           Tmut/Pois      6%         N/A       34%         3

Your spell library contained the following spells:

 Spells                   Type           Power      Damage    Failure   Level
 Ice Form                 Ice/Tmut       6%         N/A       75%         4


Dungeon Overview and Level Annotations

Branches:
Dungeon (3/15)

Altars:
Elyvilon
Trog

Shops:
D:1 **   D:2 !

Annotations:
D:2 Robin
D:3 Terence


Innate Abilities, Weirdness & Mutations

One of your tentacles has grown a beastly spike.
You cannot wear most types of armour.
You are amphibious.
You can wear up to eight rings at the same time.
Your skin changes colour to match your surroundings (Stealth+).
Your rubbery body absorbs attacks. (AC +1, EV +1)
((You are camouflaged when in or above water. (Stealth+)))
You have tentacles for arms and can constrict up to eight enemies at once.


Message History

a +0 mace; an orc corpse You barely miss the ball python.
Your grab misses the ball python.
You pierce the ball python.
You kill the ball python!
Casting: Beastly Appendage (safe; 7% risk of failure)
Confirm with . or Enter, or press ? or * to list all spells.
Okay, then.
This spell is extremely dangerous to cast!
Memorise Spider Form, consuming 3 spell levels and leaving 0?
You start memorising the spell.
You continue memorising. x3
You finish memorising.
Spell assigned to 'c'.
You see here a ball python corpse.
Found 7 stones.
Your tentacle spike disappears.
An endoplasm comes into view.
You see here a potion of curing.
Terence drinks a potion.
Terence goes berserk!
The endoplasm closely misses you.
Casting: Beastly Appendage (safe; 7% risk of failure)
Confirm with . or Enter, or press ? or * to list all spells.
One of your tentacles grows a vicious spike.
Terence hits you from afar with a +0 trident.
The endoplasm freezes you.
You are frozen.
As you read the scroll of fear, it crumbles to dust.
You assume a fearsome visage.
Terence is unaffected.
The endoplasm looks frightened!
Terence hits you from afar with a +0 trident!
Terence misses you. Terence barely misses you.
You tentacle-slap Terence but do no damage.
You grab Terence. You squeeze Terence.
Terence is moderately wounded.
You constrict Terence. Terence barely misses you. Terence closely misses you.
You tentacle-slap Terence but do no damage.
You pierce Terence, but do no damage.
You squeeze Terence!
Terence is severely wounded.
You constrict Terence, but do no damage.
Terence hits you with a +0 trident!
You die...

###.<.###._.###..#
##....#...# ...
#..#.##.##.#.#
#..#.......#.#
#..####.####J#
#........[...##
#..####.####..######
#..#.......#@.......
#..#.##.##)#@#######
#....#...#.†.#
#..###._.###...>....
#..................(
#....######...####..
###### #####


You could see Terence (berserk) and an endoplasm (fleeing).

Vanquished Creatures
  2 worms (D:2)
  A dart slug (D:1)
  An orc (D:3)
  An endoplasm (D:1)
  A giant cockroach (D:2)
  A goblin (D:1)
  A hobgoblin (D:1)
  2 kobolds (D:1)
  A quokka (D:2)
  2 ball pythons
  2 bats (D:1)
  2 frilled lizards
  2 rats
19 creatures vanquished.

Notes
Turn   | Place    | Note
-------+----------+-------------------------------------------
     0 | D:1      | Engwar the Octopode Transmuter began the quest for the Orb.
     0 | D:1      | Reached XP level 1. HP: 13/13 MP: 3/3
    84 | D:1      | Found Rynikiv's Assorted Antiques.
   109 | D:1      | Found Enaory Nody's General Store.
   149 | D:1      | Bought a scroll of identify for 26 gold pieces
   184 | D:1      | Reached skill level 1 in Stealth
   268 | D:1      | Reached XP level 2. HP: 17/18 MP: 5/5
   271 | D:1      | Learned a level 2 spell: Wereblood
  1044 | D:2      | Found Initob's Distillery.
  1056 | D:2      | Reached XP level 3. HP: 21/23 MP: 4/6
  1078 | D:2      | Bought a potion of degeneration for 12 gold pieces
  1078 | D:2      | Bought a potion of curing for 36 gold pieces
  1078 | D:2      | Bought a potion of attraction for 36 gold pieces
  1104 | D:2      | Noticed Robin
  1151 | D:3      | Found a white marble altar of Elyvilon.
  1159 | D:3      | Found a bloodstained altar of Trog.
  1184 | D:3      | Noticed Terence
  1201 | D:3      | Learned a level 3 spell: Spider Form
  1212 | D:3      | Slain by Terence

Illustrated notes

Levels and vault maps discovered:
D:1:      ebering_trefoil_twist, layout_rooms, serial_shops,
          nicolae_diamond_shop, shop
D:2:      layout_loops_corners, serial_shops,
          nicolae_shop_competitors_out_of_business, uniq_robin
D:3:      layout_loops_ring, mainiacjoe_overflow_large_starburst, uniq_terence

Skill      XL: |  1  2  3 |
---------------+----------+-----
Stealth        | 1 2 |  2.0
Fighting       | |  1.0
Dodging        | |  2.0
Unarmed Combat | |  3.4
Spellcasting   | |  2.0
Transmutations | |  2.5

Action                   || total
-------------------------++-------
Melee: Unarmed           ||    42
       Constrict         ||    10
       Tentacles         ||     9
       Punch             ||     4
       Kick              ||     6
 Cast: Beastly Appendage ||     6
  Use: Scroll            ||     4
 Stab: Sleeping          ||     5
Armor: Skin              ||     2
Dodge: Dodged            ||    28

Table legend: (Time is in decaauts)
 A = Elapsed time spent in this place.
 B = Non-inter-level travel time spent in this place.
 C = Inter-level travel time spent in this place.
 D = Time resting spent in this place.
 E = Time spent auto-exploring this place.
 F = Levels seen in this place.
 G = Mean time per level.
                   A        B        C        D        E       F      G
               +--------+--------+--------+--------+--------+-----+--------+
         Total |   1209 |   1181 |     28 |      0 |    975 |   3 |  403.0 |
       Dungeon |   1209 |   1181 |     28 |      0 |    975 |   3 |  403.0 |
               +--------+--------+--------+--------+--------+-----+--------+

Top non-repeatable levels by time:
     D:2: 617 daAuts
     D:1: 529 daAuts
     D:3: 61 daAuts
